AoeStats
← brunonstop

Arena

508073280Analyzed
3v3 RM · 12d ago on Sep 20, 2026· 58m 36s· 6 players
Game mode
Random Map
Map size
Normal (6 player)
Population
200
Speed
Normal
Resources
Standard
Victory
Conquest
Starting age
Dark Age
Ending age
Imperial Age
RankedLock teamsTeams togetherTeam positionsShared explorationLock speedFull tech treeHidden civsTurbo modeCheats
Victory
Defeat
🇹🇷 Hindustanis · Türkiye
893
+16
🇹🇷 Britons · Türkiye
879
+17
🇹🇷 Huns · Türkiye
801
+21
🇦🇷 Turks · Argentina
920
-19
🇦🇷 Cumans · Argentina
916
-19
🇦🇷 Ethiopians · Argentina
845
-24
DoktorSanta
10:40 Feudal Age
15:09 Castle Age
14:20 Double-Bit Axe
17:53 Horse Collar
20:44 Fletching
20:54 Padded Archer Armor
23:43 Wheelbarrow
23:41 Bodkin Arrow
24:02 Leather Archer Armor
24:22 Gold Mining
29:41 Imperial Age
27:51 Heavy Plow
30:11 Yeomen
30:21 Ballistics
30:13 Fortified Wall
30:17 Elite Longbowman
32:01 Conscription
34:33 Bracer
36:20 Ring Archer Armor
37:44 Chemistry
48:53 Guilds
48:48 Caravan
55:32 Coinage
55:17 Fervor
55:23 Block Printing
55:33 Illumination
55:04 Herbal Medicine
55:44 Theocracy
55:10 Devotion
55:30 Sanctity
55:14 Warwolf
54:46 Sappers
55:52 Hoardings
55:05 Arrowslits
55:15 Heated Shot
55:06 Treadmill Crane
55:37 Masonry
55:33 Siege Engineers
55:24 Murder Holes
55:42 Careening
55:54 Shipwright
55:41 Siphons
55:51 Forging
55:42 Scale Mail Armor
55:48 Scale Barding Armor
55:31 Loom
55:34 Town Watch
57:04 Guard Tower
57:33 Clinker Construction
58:02 Iron Casting
57:42 Chain Mail Armor
58:06 Gold Shaft Mining
58:01 Bow Saw
57:53 Town Patrol
58:10 Hand Cart
58:21 Chain Barding Armor
champagnepapi
12:03 Feudal Age
12:29 Double-Bit Axe
12:25 Horse Collar
12:37 Gold Mining
12:37 Stone Mining
18:25 Stone Mining
22:12 Castle Age
24:30 Gold Shaft Mining
24:07 Bow Saw
23:58 Heavy Plow
25:24 Caravan
25:39 Bloodlines
25:29 Husbandry
26:52 Wheelbarrow
29:33 Hand Cart
31:55 Imperial Age
29:57 Hand Cart
31:19 Loom
31:47 Marauders
33:11 Conscription
32:25 Elite Tarkan
42:52 Scale Barding Armor
42:58 Forging
46:04 Iron Casting
45:49 Chain Barding Armor
part time god
8:57 Loom
11:33 Feudal Age
17:39 Castle Age
17:26 Scale Barding Armor
17:36 Forging
17:39 Bloodlines
18:52 Husbandry
21:25 Double-Bit Axe
22:22 Iron Casting
22:12 Chain Barding Armor
29:59 Imperial Age
29:34 Wheelbarrow
28:53 Stone Mining
29:18 Bow Saw
31:38 Heavy Camel Rider
34:58 Plate Barding Armor
35:25 Blast Furnace
35:05 Imperial Camel Rider
35:38 Horse Collar
38:00 Town Watch
38:32 Hand Cart
45:41 Caravan
45:52 Town Patrol
45:53 Heavy Plow
51:04 Light Cavalry
51:06 Man-at-Arms
51:08 Pikeman
51:48 Squires
51:34 Arson
52:53 Two-Man Saw
53:18 Scale Mail Armor
53:09 Fletching
53:19 Padded Archer Armor
54:00 Stone Shaft Mining
53:20 Gold Mining
55:03 Long Swordsman
57:37 Leather Archer Armor
57:38 Chain Mail Armor
57:22 Bodkin Arrow
Batistuta2014
3:54 Loom
10:18 Feudal Age
15:40 Double-Bit Axe
17:31 Horse Collar
18:47 Wheelbarrow
18:27 Stone Mining
22:13 Castle Age
20:29 Gold Mining
21:00 Town Watch
21:31 Fletching
22:01 Padded Archer Armor
22:56 Capped Ram
24:02 Hand Cart
23:59 Bodkin Arrow
24:44 Gold Shaft Mining
24:10 Heavy Plow
24:28 Bow Saw
26:24 Leather Archer Armor
26:49 Thumb Ring
27:04 Steppe Husbandry
29:00 Ballistics
30:04 Scale Barding Armor
35:22 Imperial Age
32:55 Town Patrol
33:22 Murder Holes
35:25 Chain Barding Armor
35:18 Bloodlines
35:28 Heavy Cavalry Archer
36:34 Parthian Tactics
35:31 Siege Ram
36:36 Conscription
38:03 Chemistry
37:17 Onager
38:56 Masonry
40:11 Two-Man Saw
39:35 Cuman Mercenaries
40:17 Crop Rotation
41:47 Ring Archer Armor
40:49 Elite Kipchak
44:53 Elite Steppe Lancer
46:20 Plate Barding Armor
46:36 Forging
47:56 Iron Casting
47:14 Crossbowman
50:58 Scale Mail Armor
52:00 Blast Furnace
50:23 Pikeman
51:11 Squires
51:00 Arson
51:33 Halberdier
53:21 Chain Mail Armor
ConcaveKnot1639
11:03 Feudal Age
16:39 Castle Age
16:14 Scale Mail Armor
17:52 Double-Bit Axe
18:26 Horse Collar
18:50 Stone Mining
20:58 Forging
22:30 Loom
23:24 Wheelbarrow
22:34 Loom
24:17 Iron Casting
25:05 Scale Barding Armor
26:24 Hand Cart
28:15 Heavy Plow
28:10 Fletching
28:54 Gold Mining
29:56 Husbandry
31:16 Bloodlines
40:23 Imperial Age
38:13 Chain Mail Armor
38:24 Chain Barding Armor
48:20 Chain Mail Armor
49:10 Blast Furnace
50:20 Heavy Camel Rider
brunonstop
10:21 Feudal Age
10:51 Double-Bit Axe
12:51 Loom
13:54 Town Watch
17:27 Castle Age
19:47 Fletching
21:05 Bow Saw
21:08 Town Patrol
22:44 Wheelbarrow
25:01 Bodkin Arrow
25:30 Ballistics
25:54 Hand Cart
26:38 Crossbowman
27:25 Thumb Ring
27:31 Padded Archer Armor
37:11 Imperial Age
35:01 Gold Mining
35:43 Forging
36:10 Leather Archer Armor
35:55 Scale Mail Armor
36:10 Squires
36:44 Horse Collar
39:03 Chemistry
37:30 Arbalester
38:28 Bracer
39:00 Ring Archer Armor
38:01 Halberdier
40:15 Elite Skirmisher
Connection lost

Rejoining the realm…

Still unreachable

The connection could not be restored.

Session expired

The server has moved on; the page needs a fresh start.